 Dungeon Crawl Stone Soup version 0.25-a0-62-g88673ef095 (webtiles) character file.

Game seed: 13849933971600910057, levelgen mode: deterministic

6 Menyeteske the Skirmisher (level 1, 0/18 HPs)
             Began as a Demonspawn Abyssal Knight on Oct 31, 2019.
             Was an Initiate of Lugonu.
             Slain by a bat (1 damage)
             ... on level 1 of the Dungeon.
             The game lasted 00:03:48 (490 turns).

Menyeteske the Skirmisher (DsAK)                     Turns: 490, Time: 00:03:49

Health: 0/18       AC:  3    Str: 12    XL:     1   Next: 75%
Magic:  2/2        EV: 11    Int: 13    God:    Lugonu [......]
Gold:   50         SH:  0    Dex: 12    Spells: 0/0 levels left

rFire    . . .     SeeInvis .   a - +1 mace
rCold    . . .     Gourm    .   (no shield)
rNeg     . . .     Faith    .   b - +0 leather armour
rPois    .         Spirit   .   (no helmet)
rElec    .         Reflect  .   (no cloak)
rCorr    .         Harm     .   (no gloves)
MR       .....                  (no boots)
Stlth    +.........             (no amulet)
HPRegen  0.06/turn              (no ring)
MPRegen  0.08/turn              (no ring)

@: no status effects
A: no striking features
a: Renounce Religion


You were on level 1 of the Dungeon.
You worshipped Lugonu.
Lugonu was noncommittal.
You were not hungry.

You visited 1 branch of the dungeon, and saw 1 of its levels.
You visited the Abyss 1 time.

You collected 50 gold pieces.

Inventory:

Hand Weapons
 a - a +1 mace (weapon)
 e - a +0 short sword
Armour
 b - a +0 leather armour (worn)
 d - a +0 ring mail
Comestibles
 c - 3 rations


   Skills:
 + Level 3.2 Fighting
 + Level 1.7 Maces & Flails
 + Level 2.0 Armour
 + Level 1.1 Dodging
 + Level 2.4 Invocations


You couldn't memorise any spells.
You didn't know any spells.
Your spell library was empty.

Dungeon Overview and Level Annotations

Branches:
Dungeon (1/15)

Altars:


Message History

The bat hits you but does no damage. The frilled lizard bites you.
The ooze hits you. The bat barely misses you. The ooze barely misses you.
The bat hits you but does no damage. The ooze barely misses you.
The bat barely misses you. The frilled lizard bites you. The kobold misses you.
The bat closely misses you. The kobold hits you. The bat closely misses you.
The frilled lizard barely misses you. The bat barely misses you.
The frilled lizard misses you. The kobold barely misses you.
You see here a ration.
The ooze misses you.
You barely miss the frilled lizard. The frilled lizard bites you.
* * * LOW HITPOINT WARNING * * *
The kobold hits you but does no damage. The ooze barely misses you.
The frilled lizard closely misses you. The kobold hits you.
* * * LOW HITPOINT WARNING * * *
You aren't carrying any scrolls.
You aren't carrying any potions.
You hit the ooze but do no damage. The bat hits you.
You die...

#......##.. #......##..
#......###. #......# #. #......#
#. #......# #. ########......# ##
#.l...........# # #@J....%.######
# #.bKg.?..# # ########## #######
###########################......
o#p#m#e#H#g#O#n#9#f#p#K#h##......
###########################......
.........................''...รท..
###########################......
.#N#T#i#d#x#6#p#V#M#a#Q#c##......


You could see an ooze, a hobgoblin, a bat, a kobold and a frilled lizard.

Vanquished Creatures
  A leopard gecko (D:1)
  A goblin (D:1)
  A hobgoblin (D:1)
  2 rats (D:1)
5 creatures vanquished.

Notes
Turn   | Place    | Note
-------+----------+-------------------------------------------
     0 | Abyss:1  | Menyeteske the Demonspawn Abyssal Knight began the quest
                  | for the Orb.
     0 | Abyss:1  | Reached XP level 1. HP: 18/18 MP: 2/2
     3 | D:1      | Escaped the Abyss
     8 | D:1      | Noticed a human
     8 | D:1      | Noticed a naga
    10 | D:1      | Noticed a merfolk
    10 | D:1      | Noticed a troll
    12 | D:1      | Noticed an elf
    12 | D:1      | Noticed a spriggan
    14 | D:1      | Noticed a minotaur
    14 | D:1      | Noticed a draconian
    16 | D:1      | Noticed a dwarf
    16 | D:1      | Noticed an octopode
    18 | D:1      | Noticed an ogre
    18 | D:1      | Noticed a demonspawn
    20 | D:1      | Noticed a ghoul
    20 | D:1      | Noticed a demigod
    22 | D:1      | Noticed a gargoyle
    22 | D:1      | Noticed a vampire
    24 | D:1      | Noticed a vine stalker
    26 | D:1      | Noticed a halfling
    26 | D:1      | Noticed a formicid
    28 | D:1      | Noticed a tengu
    30 | D:1      | Noticed a felid
    30 | D:1      | Noticed a centaur
    74 | D:1      | Reached skill level 1 in Dodging
   490 | D:1      | Slain by a bat

Levels and vault maps discovered:
D:1:      kb_arrival_jail, layout_basic

Skill      XL: |  1 |
---------------+----+-----
Armour         | 2 |  2.0
Dodging        | 1 |  1.1
Fighting       | |  3.2
Maces & Flails | |  1.7
Invocations    | |  2.4

Action                   || total
-------------------------++-------
Melee: Mace              ||    16
Invok: Depart the Abyss  ||     1
Armor: Leather armour    ||    14
Dodge: Dodged            ||    35

Table legend:
 A = Non-vault XP
 B = Vault XP
 C = Vault XP percentage of total XP
 D = Non-vault monster count
 E = Vault monster count
 F = Vault count percentage of total count
                 A         B        C        D         E       F
            +---------+---------+-------+---------+---------+-------
      Total |       9 |       0 |   0.0 |       5 |       0 |   0.0
            +---------+---------+-------+---------+---------+-------
        D:1 |       9 |       0 |   0.0 |       5 |       0 |   0.0
            +---------+---------+-------+---------+---------+-------
